 Dungeon Sprint DCSS version 0.23.0-3-gf3c87f2 (console) character file.

Game seed: 14843141948785226315

767 erker the Cleaver (level 7, -9/45 HPs)
             Began as a Gargoyle Gladiator on Feb 20, 2019.
             Was the Champion of the Shining One.
             Killed by a guardian mummy's death curse (34 damage)
             ... in the Dungeon (Sprint V: "Ziggurat Sprint").
             The game lasted 00:06:51 (296 turns).

erker the Cleaver (Gargoyle Gladiator)               Turns: 296, Time: 00:06:51

Health: -9/45      AC: 18    Str: 32    XL:     7   Next: 82%
Magic:  11/12      EV:  4    Int:  8    God:    the Shining One [******]
Gold:   0          SH: 29    Dex: 11    Spells: 6/6 levels left

rFire    . . .     SeeInvis .   a - +7 broad axe (holy)
rCold    + . .     Gourm    .   o - +18 shield of the Gong {rElec rN+ MR+ EV-5}
rNeg     + + +     Faith    .   G - +2 chain mail {rC+}
rPois    ∞         Spirit   .   c - +0 helmet
rElec    +         Reflect  .   (no cloak)
rCorr    .         Harm     .   (no gloves)
MR       +....     NoTele   +   (no boots)
Stlth    ..........             D - amulet of regeneration
HPRegen  0.55/turn              t - +6 ring of strength
MPRegen  0.13/turn              u - +6 ring of strength

@: slowed, glowing, very slow
A: negative energy resistance 1, electricity resistance, unbreathing,
petrification resistance, rot immunity, AC +4
a: Divine Shield, Cleansing Flame, Summon Divine Warrior, Renounce Religion


You were in the Dungeon.
You worshipped the Shining One.
The Shining One was exalted by your worship.
You were not hungry.

You visited 1 branch

Inventory:

Hand Weapons
 a - a +7 broad axe of holy wrath (weapon)
Missiles
 d - 3 throwing nets (quivered)
Armour
 b - +5 gold dragon scales
 c - a +0 helmet (worn)
 l - a +3 large shield
 m - a +3 shield
 n - a +5 crystal plate armour
 o - the +18 shield of the Gong (worn) {rElec rN+ MR+ EV-5}
   (You found it in the Dungeon)

   It affects your evasion (-5).
   It insulates you from electricity.
   It protects you from negative energy.
   It affects your resistance to hostile enchantments.
 G - a +2 chain mail of cold resistance (worn)
Jewellery
 p - a +6 ring of dexterity
 q - a +6 ring of dexterity
 r - a +6 ring of intelligence
 s - a +6 ring of intelligence
 t - a +6 ring of strength (left hand)
 u - a +6 ring of strength (right hand)
 D - an amulet of regeneration (around neck)
Wands
 v - a wand of disintegration (7)
 w - a wand of iceblast (7)
 x - a wand of acid (7)
Scrolls
 k - a scroll of blinking
Potions
 e - a potion of curing
 g - a potion of heal wounds
 h - a potion of haste
 i - 2 potions of magic
 B - a potion of might
Miscellaneous
 A - a sack of spiders
 C - a phantom mirror
Comestibles
 f - a ration
 j - 7 chunks of flesh


   Skills:
 + Level 5.9 Fighting
 + Level 10.1 Axes
 - Level 2.6 Throwing
 * Level 5.6 Armour
 + Level 5.9 Dodging
 - Level 0.1 Stealth
 + Level 5.0 Shields
 * Level 6.8 Invocations


You had 6 spell levels left.
You didn't know any spells.
Your spell library contained the following spells:

 Spells                   Type           Power        Failure   Level  Hunger
 Infusion                 Chrm           #...         100%        1    ##.....
 Ignite Poison            Fire/Tmut/Pois #.......     100%        3    ####...
 Spectral Weapon          Hex/Chrm       #.......     100%        3    ####...
 Deflect Missiles         Chrm/Air       #.........   100%        6    #######
 Ring of Flames           Chrm/Fire      #.........   100%        7    #######


Dungeon Overview and Level Annotations

Branches:
Dungeon (1/1)

Altars:
Ashenzari
Cheibriados
Dithmenos
Elyvilon
Fedhas
Gozag
Hepliaklqana
Kikubaaqudgha
Makhleb
Nemelex Xobeh
Okawaru
Qazlal
Ru
Sif Muna
Trog
Uskayaw
Vehumet
Wu Jian
Xom
Yredelemnul
Zin
The Shining One
Beogh
Jiyva
Lugonu

Annotations:
D 1 transporter


Innate Abilities, Weirdness & Mutations

You are resistant to torment.
Your stone body is resilient. (AC +4)
You are immune to poison.
You resist negative energy. (rN+)
You are resistant to electric shocks. (rElec)
You can survive without breathing.
You are immune to petrification.
You are immune to rotting.


Message History

The death scarab convulses!
The death scarab is destroyed!
The guardian mummy convulses! x2; The mummy convulses!
The mummy is destroyed!
The guardian mummy is lost in a daze.
As you read the scroll of holy word, it crumbles to dust.
You speak a Word of immense power!
The guardian mummy convulses!
You destroy the guardian mummy!
The Shining One accepts your kill.
You feel better.
The guardian mummy convulses!
You destroy the guardian mummy!
The Shining One accepts your kill.
Your Axes skill increases to level 10!
Your Shields skill increases to level 5!
You feel extremely nervous for a moment...
Nothing appears to happen.
You feel extremely nervous for a moment...
You convulse helplessly as pain tears through your body!
Ouch! That really hurt!
You die...

▓▓▓▓▓▓▓▓▓▓▓▓▓▓▓▓▓▓▓
▓..8©8..▓ ▓..}))..▓
▓..[}=..▓ ▓.......▓
▓.......▓ ▓.......▓
▓.......▓ ▓..@....▓
▓...©...▓ ▓▓▓▓▓▓▓▓▓


There were no monsters in sight!

Vanquished Creatures
  2 guardian mummies (D)
  2 hell hounds (D)
  4 scorpions (D)
  A quasit (D)
  2 orc priests (D)
  2 orc wizards (D)
  2 adders (D)
  A white imp (D)
  2 orcs (D)
  A ball python (D)
  A leopard gecko zombie (D)
20 creatures vanquished.

Vanquished Creatures (others)
  A death scarab (D)
  2 flying skulls (D)
  A mummy (D)
4 creatures vanquished.

Grand Total: 24 creatures vanquished

Notes
Turn   | Place    | Note
-------+----------+-------------------------------------------
     0 | D        | Found the +6 Majin-Bo {vamp, Archmagi MP+6 Int+6}
     0 | D        | Found the +7 great mace "Firestarter" {inner flame, rF++}
     0 | D        | erker the Gargoyle Gladiator began the quest for the Orb.
     0 | D        | Reached XP level 1. HP: 12/12 MP: 1/1
    10 | D        | Found a blossoming altar of Fedhas.
    12 | D        | Found a viscous altar of Jiyva.
    12 | D        | Found a hazy altar of Hepliaklqana.
    12 | D        | Found a transporter.
    12 | D        | Found an opulent altar of Gozag.
    12 | D        | Found an ancient bone altar of Kikubaaqudgha.
    12 | D        | Found a corrupted altar of Lugonu.
    26 | D        | Found a burning altar of Makhleb.
    27 | D        | Found a sparkling altar of Nemelex Xobeh.
    27 | D        | Found an iron altar of Okawaru.
    27 | D        | Found a stormy altar of Qazlal.
    27 | D        | Found a sacrificial altar of Ru.
    28 | D        | Found a deep blue altar of Sif Muna.
    31 | D        | Found the +9 heavy crossbow "Sniper" {velocity, Acc+∞ SInv}
    31 | D        | Found the +10 dark maul {crush}
    31 | D        | Found the +15 Maxwell's patent armour {-Cast -Tele rElec
                  | MR+ rCorr}
    31 | D        | Found the +18 shield of the Gong {rElec rN+ MR+ EV-5}
    31 | D        | Found the cursed +14 obsidian axe {chop, +Fly SInv *Curse}
    38 | D        | Found the +6 shillelagh "Devastator" {shatter}
    38 | D        | Found the +11 plutonium sword {*Contam Stlth-}
    38 | D        | Found the +8 lance "Wyrmbane" {slay drac, rPois rF+ rC+
                  | AC+3}
    38 | D        | Found the +9 sword of Zonguldrok {reap}
    38 | D        | Found the cursed +13 scythe of Curses {drain, *Curse}
    38 | D        | Found the +0 sword of Power
    38 | D        | Found the +7 mace of Variability {chain chaos}
    38 | D        | Found the +7 Singing Sword {slice, sonic wave}
    38 | D        | Found the +7 longbow "Piercer" {penet, EV-2}
    39 | D        | Found a bloodstained altar of Trog.
    79 | D        | Became a worshipper of the Shining One
    99 | D        | Entered arena 2.
    99 | D        | Noticed an orc priest
    99 | D        | Noticed an orc wizard
    99 | D        | Found a transporter.
   101 | D        | Killed an orc priest
   101 | D        | Reached * piety under the Shining One
   101 | D        | Reached skill level 4 in Axes
   101 | D        | Reached XP level 2. HP: 19/19 MP: 2/2
   101 | D        | Reached XP level 3. HP: 23/23 MP: 3/3
   102 | D        | Reached skill level 5 in Axes
   155 | D        | Entered arena 3.
   155 | D        | Found a transporter.
   158 | D        | Reached XP level 4. HP: 28/28 MP: 4/4
   159 | D        | Reached skill level 1 in Invocations
   178 | D        | Entered arena 4.
   178 | D        | Reached ** piety under the Shining One
   178 | D        | Found a transporter.
   184 | D        | Reached skill level 6 in Axes
   185 | D        | Reached skill level 5 in Dodging
   185 | D        | Reached skill level 1 in Shields
   185 | D        | Reached XP level 5. HP: 33/33 MP: 4/7
   203 | D        | Got the +5 ring mail of Plog {rC+}
   218 | D        | Entered arena 5.
   218 | D        | Reached *** piety under the Shining One
   218 | D        | Found a transporter.
   222 | D        | Reached skill level 7 in Axes
   224 | D        | Reached XP level 6. HP: 37/39 MP: 7/9
   225 | D        | Reached skill level 8 in Axes
   227 | D        | Reached skill level 5 in Invocations
   240 | D        | Got the Collected Works on Noxious Talismans
   245 | D        | Entered arena 6.
   245 | D        | Noticed a hell hound
   245 | D        | Reached **** piety under the Shining One
   245 | D        | Noticed a hell hound
   245 | D        | Found a transporter.
   247 | D        | Reached ***** piety under the Shining One
   247 | D        | Reached skill level 5 in Fighting
   251 | D        | Killed a hell hound
   251 | D        | Reached skill level 9 in Axes
   251 | D        | Reached XP level 7. HP: 44/44 MP: 9/11
   260 | D        | Reached skill level 5 in Armour
   292 | D        | Entered arena 7.
   292 | D        | Noticed a death scarab
   292 | D        | Noticed a flying skull
   292 | D        | Noticed a flying skull
   292 | D        | Reached ****** piety under the Shining One
   292 | D        | Noticed a guardian mummy
   292 | D        | Noticed a guardian mummy
   293 | D        | Found a transporter.
   295 | D        | Identified a +7 broad axe of holy wrath (a +5 broad axe
                  | blessed by the Shining One)
   295 | D        | Received a gift from the Shining One
   295 | D        | Killed a flying skull
   295 | D        | Killed a flying skull
   295 | D        | Killed a death scarab
   296 | D        | Killed a guardian mummy
   296 | D        | Killed a guardian mummy
   296 | D        | Reached skill level 10 in Axes
   296 | D        | Reached skill level 5 in Shields
   296 | D        | Killed by a guardian mummy's death curse

Skill      XL: |  1  2  3  4  5  6  7 |
---------------+----------------------+-----
Fighting       | 3 4 5 |  5.9
Axes           | 4 5 6 7 9 10 | 10.1
Throwing       | 2 |  2.6
Dodging        | 3 4 5 |  5.9
Invocations    | 2 4 5 6 |  6.8
Shields        | 1 2 3 5 |  5.0
Armour         | 2 4 5 |  5.6
Stealth        | |  0.1

Action                   |  1- 3 |  4- 6 |  7- 9 || total
-------------------------+-------+-------+-------++-------
Melee: Broad axe         |     4 |    20 |    10 ||    34
Invok: Brand Weapon With |       |       |     1 ||     1
  Use: Potion            |     1 |       |       ||     1
       Scroll            |       |       |     1 ||     1
Armor: Robe              |     1 |     2 |       ||     3
       Ring mail         |       |    13 |     3 ||    16
Dodge: Dodged            |       |     3 |     2 ||     5
Block: Shield            |     3 |    37 |    10 ||    50
